 Dungeon Crawl Stone Soup version 0.32-a0-485-g70f7560b1c (webtiles) character file.

Game seed: 195219069906160202

1821324 Gryn the Slayer (level 26, 223/223 HPs)
             Began as a Yellow Draconian Ice Elementalist on Feb 26, 2024.
             Was the Champion of Qazlal.
             Escaped with the Orb
             ... and 3 runes!
             The game lasted 05:06:57 (58914 turns).

Gryn the Slayer (DrIE)                             Turns: 58914, Time: 05:06:57

Health: 223/223    AC: 26    Str: 21    XL:     26   Next: 64%
Magic:  35/35      EV: 23    Int: 29    God:    Qazlal [******]
Gold:   5530       SH: 24    Dex: 19    Spells: 9/49 levels left

rFire   + + .        a - staff of Mayhem {rElec rC+ Will+ Stlth+ Conj}
rCold   + + +        P - +2 shield of Resistance {rF++ rC++ Will++}
rNeg    + . .        (body armour unavailable)
rPois   +            g - +2 hat
rElec   +            M - +2 cloak "Udare" {Dex+4}
rCorr   +            A - +1 pair of gloves of Hepliaklqana's Esteem {Fly}
SInv    +            b - +3 pair of seven-league boots {Rampage+∞}
Will    +++++        U - amulet of Vitality {RegenMP++ Regen++}
Stlth   +            S - ring "Daosok" {rPois rN+ Str+3 Dex+3 SInv}
HPRegen 2.17/turn    l - ring "Xuenotut" {Will+++ Str+6 Int+7}
MPRegen 1.04/turn

%: repel missiles, rampage+∞
@: protected from physical damage, flying
A: spit acid, AC +12, unfitting armour, acidic bite, cold-blooded, acid
resistance, hooves 1, clumsy 1, cold resistance 1, dopey 1, frail 1, low MP 1,
strong-willed 1, screaming 1, subdued magic 1, inability to drink after injury 1
0: Orb of Zot
}: 3/15 runes: decaying, silver, gossamer
a: Breathe Acid, Renounce Religion, Upheaval, Elemental Force, Disaster Area


You escaped.
You worshipped Qazlal.
Qazlal was exalted by your worship.
You visited 9 branches of the dungeon, and saw 47 of its levels.
You visited the Abyss 1 time.
You visited 1 bazaar.
You also visited: Gauntlet, Ice Cave and Wizlab.

You collected 9374 gold pieces.
You spent 3844 gold pieces at shops.

Inventory:

Hand Weapons
 i - a +1 hand cannon of freezing
Missiles
 m - 19 curare-tipped darts
 w - 3 throwing nets
Armour
 b - the +3 pair of seven-league boots (worn) {Rampage+∞}
   (You acquired it on level 2 of the Elven Halls)

   Rampage+∞: When moving toward enemies, its wearer moves as far as possible,
   alerting their target en route.
 g - a +2 hat (worn)
 A - the +1 pair of gloves of Hepliaklqana's Esteem (worn) {Fly}
   (You found it in an ice cave)

   Fly:       It grants you flight.
 M - the +2 cloak "Udare" (worn) {Dex+4}
   (You bought it in a shop on level 4 of the Vaults)

   Dex+4:     It affects your dexterity (+4).
 P - the +2 shield of Resistance (worn) {rF++ rC++ Will++}
   (You bought it in a shop on level 2 of the Orcish Mines)

   rF++:      It greatly protects you from fire.
   rC++:      It greatly protects you from cold.
   Will++:    It greatly increases your willpower.
Magical Staves
 a - the staff of Mayhem (weapon) {rElec rC+ Will+ Stlth+ Conj}
   (You found it in an ice cave)

   [staff of conjuration]

   Base accuracy: +5 Base damage: 5 Base attack delay: 1.2 This weapon's minimum
   attack delay (0.6) is reached at skill level 12.
   rC+:       It protects you from cold.
   rElec:     It insulates you from electricity.
   Will+:     It increases your willpower.
   Stlth+:    It makes you more stealthy.
   Conj:      It increases the power of your Conjurations spells.
   It falls into the 'Staves' category.
   It is a one-handed weapon.
Jewellery
 l - the ring "Xuenotut" (right hand) {Will+++ Str+6 Int+7}
   (You found it in a Gauntlet)

   [ring of strength]

   Str+6:     It affects your strength (+6).
   Int+7:     It affects your intelligence (+7).
   Will+++:   It greatly increases your willpower.
 v - the ring "Poadeysmia" {rF+ Will+}
   (You found it in an ice cave)

   [ring of protection from fire]

   rF+:       It protects you from fire.
   Will+:     It increases your willpower.
 E - a ring of wizardry
 R - the ring of Knowledge {Dex+6 Slay+2}
   (You found it in a Gauntlet)

   [ring of dexterity]

   Dex+6:     It affects your dexterity (+6).
   Slay+2:    It affects your accuracy & damage with ranged weapons and melee
   (+2).
 S - the ring "Daosok" (left hand) {rPois rN+ Str+3 Dex+3 SInv}
   (You found it in a Gauntlet)

   [ring of positive energy]

   Str+3:     It affects your strength (+3).
   Dex+3:     It affects your dexterity (+3).
   rPois:     It protects you from poison rN+: It protects you from negative
   energy.
   SInv:      It lets you see invisible.
 U - the amulet of Vitality (around neck) {RegenMP++ Regen++}
   (You found it on level 4 of the Lair of Beasts)

   [amulet of magic regeneration]

   RegenMP:   It increases your rate of magic regeneration.
   Regen++:   It increases your rate of health regeneration.
Wands
 s - a wand of flame (49)
 z - a wand of roots (81)
 D - a wand of quicksilver (31)
 G - a wand of mindburst (52)
 J - a wand of digging (3)
 Q - a wand of paralysis (45)
Scrolls
 d - 16 scrolls of enchant weapon
 k - 19 scrolls of teleportation
 o - 8 scrolls of amnesia
 q - 8 scrolls of immolation
 t - 6 scrolls of vulnerability
 u - 5 scrolls of enchant armour
 y - 5 scrolls of fear
 H - 6 scrolls of blinking
 I - 6 scrolls of butterflies
 N - 3 scrolls of brand weapon
 V - 5 scrolls of fog
 X - 9 scrolls of poison
 Z - a scroll of silence
Potions
 c - 12 potions of enlightenment
 e - 10 potions of might
 f - 7 potions of attraction
 h - 6 potions of brilliance
 n - 5 potions of heal wounds
 r - 2 potions of haste
 B - 5 potions of cancellation
 C - 6 potions of lignification
 F - 3 potions of resistance
 O - 7 potions of curing
 T - 3 potions of magic
 W - 10 potions of ambrosia
Miscellaneous
 p - a phantom mirror
 x - a lightning rod (4/4)
 K - a phial of floods
 L - a tin of tremorstones (2/2)
 Y - a box of beasts


   Skills:
 + Level 22.3 Fighting
 + Level 16.6 Dodging
 - Level 1.7 Stealth
 - Level 15.0 Shields
 - Level 12.0 Spellcasting
 - Level 18.0 Conjurations
 - Level 15.0 Summonings
 - Level 7.0 Necromancy
 - Level 12.0 Fire Magic
 - Level 16.1 Ice Magic
 - Level 3.3 Air Magic
 - Level 18.0 Earth Magic
 - Level 10.0 Alchemy
 - Level 12.0 Invocations
 - Level 5.0 Evocations


You had 9 spell levels left.
You knew the following spells:

 Your Spells              Type           Power      Damage    Failure   Level
a - Ozocubu's Refrigerat  Ice            35%        4d15      4%          7
b - Freezing Cloud        Conj/Ice/Air   40%        6-21      1%          5
c - Ozocubu's Armour      Ice            71%        N/A       0%          3
d - Irradiate             Conj/Alch      42%        3d25      1%          5
e - Borgnjor's Vile Clut  Necr/Erth      31%        N/A       1%          5
f - Spellforged Servitor  Conj/Summ      46%        N/A       3%          7
g - Lehudib's Crystal Sp  Conj/Erth      48%        10d11     16%         8

Your spell library contained the following spells:

 Spells                   Type           Power      Damage    Failure   Level
 Foxfire                  Conj/Fire      100%       2x1d9     0%          1
 Freeze                   Ice            100%       1d10      0%          1
 Kiss of Death            Conj/Necr      100%       2d13      0%          1
 Magic Dart               Conj           100%       1d8       0%          1
 Sandblast                Erth           100%       2d20      0%          1
 Sting                    Conj/Alch      100%       1d9       0%          1
 Call Imp                 Summ           100%       N/A       0%          2
 Searing Ray              Conj           100%       2d8       0%          2
 Call Canine Familiar     Summ           69%        N/A       0%          3
 Frozen Ramparts          Ice            100%       1d16      0%          3
 Passwall                 Erth           76%        N/A       0%          3
 Stone Arrow              Conj/Erth      100%       3d13      0%          3
 Summon Ice Beast         Ice/Summ       70%        N/A       0%          3
 Brom's Barrelling Bould  Conj/Erth      96%        2d11      0%          4
 Necrotise                Necr           100%       1d9       1%          1
 Shock                    Conj/Air       100%       1d9       1%          1
 Ensorcelled Hibernation  Hex/Ice        98%        N/A       1%          2
 Momentum Strike          Conj/Tloc      100%       3d10      1%          2
 Scorch                   Fire           100%       2d9       1%          2
 Sublimation of Blood     Necr           44%        N/A       1%          2
 Dazzling Flash           Conj/Hex       100%       N/A       1%          3
 Fugue of the Fallen      Necr           44%        N/A       1%          3
 Mephitic Cloud           Conj/Alch/Air  74%        N/A       1%          3
 Vampiric Draining        Necr           44%        2d9       1%          3
 Volatile Blastmotes      Fire/Tloc      80%        2d16      1%          3
 Animate Dead             Necr           44%        N/A       1%          4
 Dispel Undead            Necr           44%        3d17      1%          4
 Flame Wave               Conj/Fire      88%        2d19      1%          4
 Fulminant Prism          Conj/Alch      42%        3d19      1%          4
 Iskenderun's Mystic Bla  Conj/Tloc      69%        2d14      1%          4
 Leda's Liquefaction      Alch/Erth      33%        N/A       1%          4
 Martyr's Knell           Necr/Summ      58%        N/A       1%          4
 Olgreb's Toxic Radiance  Alch           55%        N/A       1%          4
 Summon Lightning Spire   Summ/Air       53%        N/A       1%          4
 Alistair's Intoxication  Alch           36%        N/A       1%          5
 Arcjolt                  Conj/Air       37%        1d47      1%          5
 Lee's Rapid Deconstruct  Erth           38%        3d19*     1%          5
 Bombard                  Conj/Erth      48%        9d8       1%          6
 Starburst                Conj/Fire      44%        6d12      1%          6
 Summon Cactus Giant      Summ           34%        N/A       1%          6
 Swiftness                Air            28%        N/A       2%          3
 Sculpt Simulacrum        Ice/Alch       32%        N/A       2%          6
 Apportation              Tloc           26%        N/A       3%          1
 Slow                     Hex            52%        N/A       3%          1
 Metabolic Englaciation   Hex/Ice        24%        N/A       3%          5
 Blink                    Tloc           26%        N/A       5%          2
 Jinxbite                 Hex            26%        N/A       5%          2
 Lesser Beckoning         Tloc           26%        N/A       5%          2
 Curse of Agony           Necr           44%        N/A       5%          5
 Anguish                  Hex/Necr       14%        N/A       9%          4
 Airstrike                Air            14%        2d(2-18)  10%         4
 Eringya's Noxious Bog    Alch           27%        4d6       10%         6
 Confusing Touch          Hex            13%        N/A       12%         3
 Gell's Gravitas          Tloc           13%        N/A       12%         3
 Sigil of Binding         Hex            13%        N/A       12%         3
 Teleport Other           Tloc           13%        N/A       12%         3
 Yara's Violent Unravell  Hex/Alch       17%        3d8       13%         5
 Vhi's Electric Charge    Tloc/Air       40%        N/A       19%         4
 Plasma Beam              Fire/Air       23%        2x1d35    26%         6
 Death Channel            Necr           22%        N/A       32%         6
 Haunt                    Necr/Summ      29%        N/A       34%         7
 Dimensional Bullseye     Hex/Tloc       6%         N/A       36%         4
 Silence                  Hex/Air        10%        N/A       50%         5
 Summon Horrible Things   Summ           34%        N/A       50%         8
 Malign Gateway           Summ/Tloc      23%        N/A       85%         7
 Dispersal                Tloc           6%         N/A       100%        6
 Enfeeble                 Hex            6%         N/A       100%        7
 Discord                  Hex            6%         N/A       100%        8
 Infestation              Necr           22%        N/A       100%        8
 Maxwell's Capacitive Co  Air            14%        ∞         100%        8
 Animate Armour           Summ/Erth      Unusable   N/A       N/A         4

Dungeon Overview and Level Annotations

Branches:
Dungeon (15/15)            Temple (0/1) D:6            Lair (5/5) D:9
  Swamp (4/4) Lair:2       Spider (4/4) Lair:2        Slime (0/5) Lair:5
    Orc (2/2) D:10            Elf (3/3) Orc:2        Vaults (5/5) D:14
  Crypt (0/3) Vaults:2     Depths (4/4) D:15            Zot (5/5) Depths:4
  IceCv (visited)          WizLab (visited)         Gauntlet (visited)

Altars:
Ashenzari
Dithmenos
Elyvilon
Fedhas
Kikubaaqudgha
Makhleb
Nemelex Xobeh
Okawaru
Qazlal
Ru
Sif Muna
Vehumet
Xom
Yredelemnul
The Shining One
Beogh
Jiyva

Shops:
D:3 ?   D:5 [   D:6 =   D:9 :   D:11 *   Orc:2 *[[(:   Elf:1 *(   Vaults:1 [*
Vaults:3 *=(   Vaults:4 [(   Depths:1 ?   Depths:3 *   Depths:4 :

Portals:
Hell: Depths:1 Depths:2 Depths:3 Depths:4
Abyss: Depths:3 Depths:4
Pandemonium: Depths:2
Ziggurat: Depths:2
Trove: D:13 (give 6 scrolls of fear)

Annotations:
D:3 2 runed translucent doors, DeathSocks's ghost, weakling DsGl
Elf:2 Saint Roka; Zenata
Depths:3 1 runed translucent door


Innate Abilities, Weirdness & Mutations

You can spit globs of acid.
Your golden yellow scales are hard. (AC +12)
You cannot fit into any form of body armour.
You have acidic saliva.
You are cold-blooded and may be slowed by cold attacks.
You are resistant to acid. (rCorr)
You have large cloven feet.
You are clumsy. (Dex -2)
Your flesh is cold resistant. (rC+)
You are dopey. (Int -2)
You are frail. (-10% HP)
Your magical capacity is low. (-10% MP)
You are strong-willed. (Will+)
You occasionally shout uncontrollably at your foes.
Your spells are a little easier to cast, but a little less powerful.
You occasionally lose the ability to drink potions when taking damage.


Message History

The Orb Guardian is engulfed in freezing vapours.
You block the Orb Guardian's attack.
Unknown command.
You barely miss the Orb Guardian.
You tail-slap the Orb Guardian, but do no damage.
Your bite misses the Orb Guardian.
The Orb Guardian is heavily wounded.
The Orb Guardian is engulfed in freezing vapours.
You block the Orb Guardian's attack.
The Orb Guardian is engulfed in freezing vapours.
The Orb Guardian closely misses you.
You hit the Orb Guardian but do no damage.
You blast the Orb Guardian.
You tail-slap the Orb Guardian.
The Orb Guardian is severely wounded.
The Orb Guardian is engulfed in freezing vapours.
You block the Orb Guardian's attack.
The Orb Guardian is engulfed in freezing vapours.
The Orb Guardian closely misses you.
Unknown command.
Casting: Freezing Cloud (mildly dangerous; 1% risk of failure)
Confirm with . or Enter, or press ? or * to list all spells.
Aiming: Freezing Cloud (mildly dangerous; 1% risk of failure)
Press: ? - help, Dir - move target, f/p - Orb Guardian
Aim: an Orb Guardian (almost dead)
You feel a surge of power!
The Orb Guardian is engulfed in freezing vapours.
You block the Orb Guardian's attack.
Unknown command.
You hit the Orb Guardian but do no damage.
You blast the Orb Guardian!
You kill the Orb Guardian!
Qazlal accepts your kill.
Unknown command.
No target in view!
Unknown command.
There is an open gate here.
Magic restored.
HP restored.
There is a staircase leading out of the dungeon here.
You have escaped!

#####.# #...♣
#####.#######...♣
...........##...♣
#####.####.##...♣♣
#.# ###.....♣
#(#####......♣♣
#(...#ß..ß..ß.♣
#.##.§○§......♣♣
#####.##.'§°§...@..♣
.÷.>..##.'.....☼°.♣♣
##########ß..ß.°ß.♣
##.......♣
###......♣
#.##....♣♣
##########.##....♣
#..........##...♣♣
..###########..♣♣


There were no monsters in sight!

Vanquished Creatures
  2 orbs of fire (Zot:5)
  3 dread liches
  An ancient lich (Vaults:5)
  A juggernaut (Depths:2)
  Bai Suzhen (Vaults:2)
  4 Killer Klowns (Zot:5)
  2 curse toes
  Nikola (Elf:1)
  3 golden dragons
  Arachne (Spider:2)
  2 bone dragons
  2 electric golems
  Jorgrun (D:14)
  21 tentacled monstrosities
  Rupert (Lair:5)
  3 liches
  2 deep elf blademasters (Elf:3)
  19 Orb Guardians
  2 deep elf master archers (Elf:3)
  Asterion (Elf:1)
  A walking divine tome (WizLab)
  11 quicksilver dragons
  6 sphinxes
  3 titans (Vaults:5)
  5 death cobs
  A thorn hunter (Swamp:1)
  2 tentacled starspawn
  12 storm dragons
  7 shadow dragons
  Donald (Swamp:2)
  8 tengu reavers
  The ghost of jasper the Executioner, a journeyman MDBe of Trog (Swamp:1)
  7 draconian monks
  A strange machine (WizLab)
  6 fire giants
  Roxanne (Elf:1)
  A revenant (Abyss:2)
  7 frost giants
  An iron dragon (Depths:1)
  6 draconian shifters
  3 deep elf sorcerers (Elf:3)
  5 ghost moths
  7 draconian knights
  2 protean progenitors (Zot:2)
  5 emperor scorpions
  3 orc warlords
  7 deep elf elementalists (Elf:3)
  16 vault wardens
  Louise (Spider:1)
  2 angels
  4 draconian scorchers
  2 draconian stormcallers
  5 draconian annihilators
  3 spriggan defenders
  13 very ugly things
  5 ironbound thunderhulks
  2 broodmothers
  23 ironbound preservers
  2 formless jellyfish (Vaults:1)
  2 vampire knights (Vaults:2)
  19 stone giants
  3 deep elf demonologists (Elf:3)
  8 eleionomae
  6 green draconians
  8 deep elf death magi
  Nessos (D:15)
  7 red draconians
  3 war gargoyles
  12 black draconians
  3 deep elf annihilators
  A lorocyproca (Zot:5)
  20 dire elephants
  13 white draconians
  5 yellow draconians
  A minotaur (Gauntlet)
  5 bunyips
  4 purple draconians
  12 spark wasps
  2 blizzard demons (IceCv)
  Snorg (Lair:5)
  An eidolon (Abyss:2)
  16 ettins
  9 fire dragons
  6 jiangshi
  31 vault guards
  A crystal guardian (Vaults:2)
  A merfolk javelineer (Depths:1)
  Josephine (D:14)
  4 deep elf high priests (Elf:3)
  5 entropy weavers
  Fannar (Lair:2)
  A shambling mangrove (Swamp:4)
  13 yaktaur captains
  5 great orbs of eyes
  7 ice dragons
  13 rakshasas
  10 ghost crabs
  6 jorogumos
  A spectral sphinx (Gauntlet)
  24 hydras
  2 peacekeepers
  A catoblepas (Lair:5)
  An ogre mage (Vaults:5)
  7 spriggan air magi
  2 hell beasts
  A sphinx zombie (D:15)
  9 two-headed ogres
  2 ironbound frosthearts
  6 alligators
  3 radroaches
  A jorogumo (shapeshifter) (Depths:4)
  Erica (D:8)
  9 boulder beetles
  7 deep troll shamans
  3 vampire magi
  13 centaur warriors
  A death yak (Lair:4)
  29 dancing weapons
  2 satyrs (Zot:2)
  8 death scarabs (Spider:4)
  2 spectral emperor scorpions (Spider:4)
  4 tengu warriors
  13 demonic crawlers
  6 deep troll earth magi
  7 spriggan berserkers
  3 orc high priests (Orc:2)
  A hell hog (Depths:1)
  2 occultists
  14 hell knights
  16 deep elf knights
  2 wretched stars
  Sonja (D:10)
  2 storm dragon zombies
  6 pharaoh ants
  A sixfirhy (Depths:2)
  20 spriggans
  A fire crab (Lair:4)
  10 goliath frogs
  A skyshark (Lair:2)
  4 iron trolls (Depths:2)
  A death drake (Gauntlet)
  5 skeletal warriors
  A flayed ghost (D:15)
  A salamander mystic (Depths:3)
  Amaemon (D:8)
  A spark wasp zombie (Depths:3)
  67 deep trolls
  A mana viper (shapeshifter) (D:15)
  5 arcanists
  3 orb spiders
  10 spriggan druids
  A shadow demon (Zot:5)
  13 swamp dragons
  5 glowing orange brains
  An obsidian statue (IceCv)
  5 bog bodies
  31 deep elf zephyrmancers
  17 ironbound convokers
  A broodmother zombie (Spider:4)
  A spectral wolf spider (Spider:4)
  8 necromancers
  10 lindwurms
  16 orc knights
  A wolf spider zombie (Spider:4)
  7 harpies
  26 deep elf pyromancers
  An orange crystal statue (Depths:1)
  A shadow dragon zombie (Depths:3)
  13 steelbarb worms
  7 deep elf archers
  A fire giant zombie (Vaults:4)
  10 spriggan simulacra
  4 phantasmal warriors
  3 nameless horrors
  12 wolf spiders
  A stone giant zombie (Vaults:3)
  35 ugly things
  7 large abominations
  A human zombie (Vaults:4)
  7 manticores
  10 cyclopes
  5 orc sorcerers
  A will-o-the-wisp (Swamp:3)
  6 meliai
  3 salamanders (Depths:3)
  A manticore (shapeshifter) (Depths:2)
  A spectral centaur (Gauntlet)
  A stone giant skeleton (Vaults:4)
  30 elephants
  29 moths of wrath
  3 kobold blastminers (Orc:2)
  Maurice (D:10)
  An ice statue (D:15)
  5 apocalypse crabs (Swamp:1)
  A human skeleton (Vaults:3)
  25 cane toads
  A gargoyle (D:13)
  8 black mambas
  16 vault sentinels
  2 water nymphs (Swamp:1)
  An orange demon (D:8)
  11 torpor snails
  9 rime drakes
  3 unseen horrors
  Jeremiah (D:8)
  3 kobold demonologists
  4 smoke demons (Abyss:2)
  A yaktaur zombie (Vaults:4)
  13 komodo dragons
  10 freezing wraiths
  An anaconda simulacrum (IceCv)
  A redback zombie (Spider:4)
  34 yaktaurs
  Psyche (D:9)
  5 ice devils (IceCv)
  5 spectral redbacks (Spider:4)
  5 tengu conjurers
  3 golden dragon simulacra (IceCv)
  An efreet (D:15)
  11 polar bears
  9 trolls
  3 merfolk (Zot:2)
  4 ancient zymes (Abyss:2)
  3 spectral tarantellas (Spider:4)
  29 hornets
  2 alligator simulacra (IceCv)
  A spectral jumping spider (Spider:4)
  23 tarantellas
  A wind drake (shapeshifter) (D:14)
  2 spectral culicivoras (Spider:4)
  22 tyrant leeches
  A blink frog (Lair:3)
  A snapping turtle (shapeshifter) (Vaults:5)
  A dream sheep (Lair:5)
  An iron dragon simulacrum (Depths:3)
  A jumping spider zombie (Spider:4)
  A spriggan zombie (D:15)
  A tarantella zombie (Spider:4)
  4 air elementals (Elf:2)
  A culicivora zombie (Spider:4)
  5 raiju (Abyss:2)
  19 jumping spiders
  A centaur simulacrum (D:15)
  2 dire elephant simulacra (IceCv)
  2 shadows
  28 slime creatures
  18 culicivoras
  9 water elementals
  4 wyverns
  5 wraiths
  2 ynoxinuls (Abyss:2)
  3 fire elementals (Elf:2)
  A human (Lair:1)
  59 yaks
  5 basilisks
  8 minotaur simulacra (IceCv)
  Grum (D:8)
  41 redbacks
  2 neqoxecs (Abyss:2)
  A warg (Orc:1)
  2 chaos spawn (Depths:3)
  12 swamp worms
  2 vampire mosquitoes (D:13)
  A hydra simulacrum (IceCv)
  A glowing shapeshifter zombie (Depths:3)
  14 small abominations
  An acid dragon (D:10)
  3 hell hounds (Elf:3)
  18 water moccasins
  6 swamp drakes
  A sky beast (D:8)
  3 laughing skulls
  33 orc warriors
  8 black bears
  A crocodile (shapeshifter) (D:14)
  7 ice beasts (D:9)
  8 ogres
  3 boggarts (Vaults:1)
  12 wolves
  8 centaurs
  2 weeping skulls (Abyss:2)
  4 kobold brigands
  8 deep troll simulacra (IceCv)
  A gnoll sergeant (D:7)
  14 bullfrogs
  2 scorpions
  6 earth elementals
  4 wights (D:8)
  15 killer bees
  A lindwurm simulacrum (IceCv)
  10 howler monkeys
  7 electric eels
  A bombardier beetle (D:6)
  A jelly (D:5)
  23 orc priests
  5 starcursed masses (Abyss:2)
  2 hounds (D:6)
  3 iguanas
  Terence (D:2)
  19 orc wizards
  14 adders
  13 gnolls
  2 shadow imps
  4 white imps
  2 ufetubi (D:5)
  5 dart slugs
  2 ribbon worms (D:2)
  76 orcs
  4 bat skeletons (D:9)
  2 bat zombies (D:9)
  6 endoplasms
  2 giant cockroaches (D:4)
  9 goblins
  10 hobgoblins
  6 jackals
  25 kobolds
  5 quokkas
  12 ball pythons
  4 bats
  3 frilled lizards
  8 rats
  A spectral weapon (Elf:1)
2217 creatures vanquished.

Vanquished Creatures (collateral kills)
  3 orbs of fire
  Xtahua (Vaults:5)
  Parghit (Depths:3)
  4 Killer Klowns (Zot:5)
  A curse toe (Zot:2)
  5 golden dragons
  2 electric golems
  A Brimstone Fiend (Depths:2)
  A hellephant (D:9)
  2 tentacled monstrosities
  10 Orb Guardians
  A lich (Depths:4)
  A quicksilver dragon (Zot:2)
  5 death cobs
  2 shadow dragons
  A storm dragon (Zot:2)
  2 protean progenitors (Zot:5)
  A daeva (Vaults:3)
  2 iron dragons (Vaults:5)
  A draconian monk (Depths:4)
  A frost giant (Depths:2)
  2 draconian shifters
  A draconian annihilator (Zot:3)
  2 draconian stormcallers (Zot:2)
  A very ugly thing (Vaults:5)
  A stone giant (Depths:4)
  A white draconian (Zot:3)
  A war gargoyle (Vaults:5)
  A purple draconian (Zot:3)
  A black draconian (Zot:1)
  3 red draconians
  A fire dragon (Depths:1)
  3 ice dragons
  5 vault guards
  A jorogumo (Zot:5)
  A deep troll earth mage (Vaults:5)
  A storm dragon zombie (Depths:3)
  2 iron trolls (Depths:2)
  A vault sentinel (Vaults:5)
  A spriggan (Depths:2)
  An orc (Elf:2)
79 creatures vanquished.

Vanquished Creatures (others)
  A golden dragon (Zot:2)
  2 draconian knights
  A frost giant (Depths:1)
  A red draconian (Zot:2)
  A purple draconian (Zot:1)
  A hydra (Swamp:4)
  A vault guard (Vaults:5)
  A swamp dragon (Swamp:4)
  2 deep elf zephyrmancers
  A moth of wrath (Zot:5)
  A tyrant leech (Swamp:4)
  A bloated husk (Swamp:4)
  A swamp drake (Swamp:4)
  An orc wizard (Orc:2)
  8 foxfires (Swamp:3)
  4 starspawn tentacles
28 creatures vanquished.

Grand Total: 2324 creatures vanquished

Notes
Turn   | Place    | Note
-------+----------+-------------------------------------------
     0 | D:1      | Gryn the Draconian Ice Elementalist began the quest for the
                  | Orb.
     0 | D:1      | Reached XP level 1. HP: 14/14 MP: 3/3
   129 | D:1      | Reached XP level 2. HP: 11/20 MP: 5/5
   512 | D:1      | Reached skill level 5 in Ice Magic
   590 | D:1      | Reached XP level 3. HP: 26/26 MP: 3/6
  1130 | D:2      | Noticed Terence
  1147 | D:1      | Learned a level 3 spell: Frozen Ramparts
  1163 | D:2      | Killed Terence
  1164 | D:2      | Reached XP level 4. HP: 12/33 MP: 1/7
  1302 | D:2      | You fall into a shaft and drop 1 floor!
  1781 | D:2      | Reached XP level 5. HP: 36/38 MP: 4/8
  2334 | D:3      | Got the Monograph on Contaminated Air
  2506 | D:3      | Found a large runed translucent door.
  2507 | D:3      | Found a large runed translucent door.
  2509 | D:3      | Noticed DeathSocks's ghost (weakling DsGl)
  2643 | D:3      | Found Nyjuv's Magic Scroll Emporium.
  2945 | D:3      | Learned a level 3 spell: Ozocubu's Armour
  3071 | D:4      | Found a sacrificial altar of Ru.
  3355 | D:4      | Reached skill level 1 in Fighting
  3478 | D:4      | Reached XP level 6. HP: 47/47 MP: 7/9
  3549 | D:4      | Found a stormy altar of Qazlal.
  3598 | D:4      | Became a worshipper of Qazlal Stormbringer
  3618 | D:4      | Reached skill level 2 in Fighting
  4079 | D:4      | Found a shimmering blue altar of Sif Muna.
  4298 | D:5      | Entered Level 5 of the Dungeon
  4303 | D:5      | Found Qisyef's Armour Shoppe.
  4329 | D:5      | Reached skill level 3 in Fighting
  4423 | D:5      | Reached skill level 1 in Shields
  4423 | D:5      | Your scales start taking on a golden yellow colour.
  4423 | D:5      | Reached XP level 7. HP: 55/57 MP: 0/10
  4423 | D:5      | Gained mutation: You are resistant to acid. (rCorr) [Yellow
                  | Draconian growth]
  4818 | D:5      | Reached * piety under Qazlal
  5186 | D:5      | Reached skill level 4 in Fighting
  5343 | D:6      | Found a staircase to the Ecumenical Temple.
  5480 | D:6      | Found a white marble altar of Elyvilon.
  5515 | D:6      | Reached skill level 5 in Fighting
  5515 | D:6      | Reached XP level 8. HP: 40/68 MP: 7/11
  5656 | D:6      | Found Isuxye's Jewellery Boutique.
  5788 | D:6      | Reached skill level 1 in Conjurations
  5788 | D:6      | Reached skill level 1 in Alchemy
  6120 | D:7      | Found a sparkling altar of Nemelex Xobeh.
  6127 | D:7      | Reached ** piety under Qazlal
  6263 | D:7      | Found an iron altar of Okawaru.
  6981 | D:8      | Noticed Jeremiah
  6987 | D:8      | Reached XP level 9. HP: 49/74 MP: 8/15
  7088 | D:8      | Found a radiant altar of Vehumet.
  7161 | D:8      | Reached skill level 5 in Conjurations
  7161 | D:8      | Reached skill level 5 in Alchemy
  7324 | D:8      | Killed Jeremiah
  7536 | D:8      | Noticed Erica
  7544 | D:8      | Killed Erica
  7591 | D:8      | Noticed an orange demon
  7600 | D:8      | Killed an orange demon
  7601 | D:8      | Reached XP level 10. HP: 20/81 MP: 5/16
  7622 | D:8      | Noticed Amaemon
  7625 | D:8      | Noticed Grum
  7974 | D:7      | Learned a level 5 spell: Irradiate
  7982 | D:8      | Killed Grum
  7984 | D:8      | Reached *** piety under Qazlal
  8002 | D:8      | Killed Amaemon
  8177 | D:8      | Reached skill level 5 in Spellcasting
  8320 | D:8      | Identified the +1 mace of Potz {vamp, rElec rPois rF++
                  | rCorr}
  8429 | D:8      | Found a shimmering altar of Xom.
  8910 | D:9      | Found an ancient bone altar of Kikubaaqudgha.
  8942 | D:9      | Noticed Psyche
  8959 | D:9      | Killed Psyche
  9253 | D:9      | Found a staircase to the Lair.
  9359 | D:9      | Reached XP level 11. HP: 78/86 MP: 16/20
  9589 | D:9      | Found a broken altar of Ashenzari.
  9818 | D:9      | Found Equoc's Tiny Tomes.
  9867 | D:9      | Reached **** piety under Qazlal
 10235 | D:10     | Entered Level 10 of the Dungeon
 10270 | D:10     | Noticed Maurice
 10319 | D:10     | Noticed Sonja
 10327 | D:10     | Killed Sonja
 10329 | D:10     | Gained mutation: You are weak. (Str -2) [mutagenic glow]
 10662 | D:10     | Killed Maurice
 10995 | D:10     | Found a staircase to the Orcish Mines.
 11030 | D:10     | Found a shadowy altar of Dithmenos.
 11030 | D:10     | Found a basalt altar of Yredelemnul.
 11046 | D:10     | Found a blossoming altar of Fedhas.
 11295 | D:10     | Found a burning altar of Makhleb.
 11296 | D:10     | Noticed a skeletal warrior
 11303 | D:10     | Noticed a skeletal warrior
 11367 | D:10     | Reached skill level 10 in Conjurations
 11367 | D:10     | Reached skill level 10 in Alchemy
 11379 | D:10     | Reached skill level 1 in Invocations
 11381 | D:10     | Noticed a skeletal warrior
 11600 | D:9      | Killed a skeletal warrior
 11830 | Lair:1   | Entered Level 1 of the Lair of Beasts
 11844 | Lair:1   | Reached skill level 6 in Fighting
 12270 | Lair:1   | Reached skill level 7 in Fighting
 12364 | Lair:1   | Reached skill level 5 in Invocations
 12564 | Lair:1   | Reached XP level 12. HP: 79/100 MP: 11/22
 12771 | Lair:1   | Reached ***** piety under Qazlal
 12892 | Lair:1   | Reached skill level 8 in Fighting
 13364 | Lair:1   | Found a runed translucent door.
 13663 | Lair:1   | Noticed a tentacled starspawn
 13718 | Lair:2   | Reached skill level 1 in Fire Magic
 14022 | Lair:2   | Noticed a seven-headed hydra
 14036 | Lair:2   | Killed a seven-headed hydra
 14037 | Lair:2   | Reached skill level 9 in Fighting
 14176 | Lair:2   | Noticed a four-headed hydra
 14187 | Lair:2   | Killed a four-headed hydra
 14338 | Lair:2   | Noticed Fannar
 14365 | Lair:2   | Killed Fannar
 14470 | Lair:2   | Found a staircase to the Swamp.
 15069 | Lair:2   | Found a hole to the Spider Nest.
 15500 | Lair:2   | Reached skill level 10 in Fighting
 16349 | Lair:3   | Reached skill level 5 in Fire Magic
 16356 | Lair:3   | Reached XP level 13. HP: 100/114 MP: 16/23
 17496 | Lair:4   | Found a gate leading to a gauntlet.
 17505 | Gauntlet | Entered a Gauntlet
 17505 | Gauntlet | Found a transporter.
 17505 | Gauntlet | Found a transporter.
 17506 | Gauntlet | Found a transporter.
 17508 | Gauntlet | Found a transporter.
 17509 | Gauntlet | Found a transporter.
 17519 | Gauntlet | Found a transporter.
 17529 | Gauntlet | Noticed a minotaur
 17586 | Gauntlet | Found a transporter.
 17596 | Gauntlet | Found a transporter.
 17611 | Gauntlet | Found a transporter.
 17623 | Gauntlet | Found a transporter.
 17636 | Gauntlet | Found a transporter.
 17642 | Gauntlet | Found a transporter.
 17724 | Gauntlet | Reached skill level 11 in Fighting
 17885 | Gauntlet | Identified the ring "Xuenotut" {Will+++ Str+6 Int+7}
 17988 | Gauntlet | Identified the +2 helmet "Kaugenyi" {Str+3 Dex+5}
 18101 | Gauntlet | Killed a minotaur
 18198 | Gauntlet | Identified the ring of Knowledge {Dex+6 Slay+2}
 18198 | Gauntlet | Identified the ring "Daosok" {rPois rN+ Str+3 Dex+3 SInv}
 18431 | Lair:4   | Reached skill level 10 in Invocations
 19543 | Lair:4   | Found the amulet of Vitality {RegenMP++ Regen++}
 19549 | Lair:4   | Reached skill level 12 in Fighting
 19963 | Lair:4   | Gained mutation: You have acidic saliva. [Yellow Draconian
                  | growth]
 19963 | Lair:4   | Reached XP level 14. HP: 126/126 MP: 24/24
 20381 | Lair:4   | Reached ****** piety under Qazlal
 20560 | Lair:5   | Entered Level 5 of the Lair of Beasts
 20690 | Lair:5   | Reached skill level 10 in Fire Magic
 20819 | Lair:5   | Identified the +9 dagger "Jemif" {freeze, Dex+3}
 20821 | Lair:5   | Identified the +6 rapier "Hell-Harrower" {pain, rCorr
                  | Int+4}
 21018 | Lair:5   | Noticed Rupert
 21030 | Lair:5   | Killed Rupert
 21249 | Lair:5   | Found a viscous altar of Jiyva.
 21249 | Lair:5   | Found a staircase to the Slime Pits.
 21270 | Lair:5   | Noticed Snorg
 21275 | Lair:5   | Killed Snorg
 21794 | Lair:5   | Reached XP level 15. HP: 114/132 MP: 26/28
 21843 | Lair:5   | Reached skill level 10 in Spellcasting
 22163 | Lair:5   | Learned a level 6 spell: Starburst
 22259 | Lair:1   | Killed a tentacled starspawn
 22826 | D:11     | Found Utwomud's Mass Market.
 22835 | D:11     | Bought a +0 tower shield for 67 gold pieces
 23567 | D:12     | Reached skill level 5 in Shields
 24464 | D:13     | Found a portal to a secret trove of treasure.
 24742 | D:14     | Found a gate to the Vaults.
 24861 | D:14     | Noticed Jorgrun
 24871 | D:14     | Killed Jorgrun
 24926 | D:14     | Noticed Josephine
 24933 | D:14     | Killed Josephine
 25438 | D:15     | Entered Level 15 of the Dungeon
 25441 | D:15     | Noticed Nessos
 25448 | D:15     | Killed Nessos
 25651 | D:15     | Found a staircase to the Depths.
 25923 | D:15     | Reached XP level 16. HP: 127/139 MP: 30/30
 26529 | Orc:1    | Entered Level 1 of the Orcish Mines
 26657 | Orc:2    | Entered Level 2 of the Orcish Mines
 26765 | Orc:2    | Found Epse's Book Shop.
 26787 | Orc:2    | Found a staircase to the Elven Halls.
 27307 | Orc:2    | Found a roughly hewn altar of Beogh.
 27355 | Abyss:2  | Cast into level 2 of the Abyss (orc high priest)
 27593 | Abyss:2  | Reached skill level 10 in Shields
 27593 | Abyss:2  | Reached skill level 10 in Ice Magic
 27664 | Abyss:2  | Noticed a tentacled starspawn
 27679 | Abyss:2  | Killed a tentacled starspawn
 27713 | Orc:2    | Escaped the Abyss
 27719 | Orc:2    | Gained mutation: You are vulnerable to cold. (rC-)
                  | [mutagenic glow]
 27724 | Orc:2    | Gained mutation: Your magical capacity is low. (-10% MP)
                  | [mutagenic glow]
 27982 | Orc:2    | Found Riunih's Antique Weapon Boutique.
 27987 | Orc:2    | Found Sida's Armour Emporium.
 27994 | Orc:2    | Bought the +2 shield of Resistance {rF++ rC++ Will++} for
                  | 846 gold pieces
 27994 | Orc:2    | Found the +2 shield of Resistance {rF++ rC++ Will++}
 28006 | Orc:2    | Found Kaughy's Assorted Antiques.
 28008 | Orc:2    | Found Uselatz's Armour Boutique.
 28197 | Lair:2   | Learned a level 7 spell: Ozocubu's Refrigeration
 28198 | Spider:1 | Entered Level 1 of the Spider Nest
 28198 | Spider:1 | Noticed Louise
 28207 | Spider:1 | Killed Louise
 29348 | Spider:1 | Identified a scroll of acquirement
 29348 | Spider:1 | Acquired the Dissertation on Fulgurant Abhorrent Deeds
 29357 | Spider:1 | Learned a level 5 spell: Freezing Cloud
 29382 | Spider:2 | Reached skill level 1 in Air Magic
 29577 | Spider:2 | Reached XP level 17. HP: 148/148 MP: 27/27
 29932 | Spider:2 | Reached skill level 13 in Fighting
 30015 | Spider:2 | Gained mutation: Your body sometimes deteriorates upon
                  | taking damage. [mutagenic glow]
 30255 | Spider:2 | Noticed Arachne
 30267 | Spider:2 | Killed Arachne
 31594 | Spider:4 | Entered Level 4 of the Spider Nest
 31704 | Spider:4 | HP: 7/149 [meliai simulacrum (6)]
 31955 | Spider:4 | Reached skill level 15 in Ice Magic
 32578 | Spider:4 | Got a gossamer rune of Zot
 32597 | Spider:4 | Identified the +0 pair of boots of the Platytaur {rF+
                  | rCorr}
 32928 | D:9      | Bought Ukeom's Compilation of Impulse for 160 gold pieces
 33021 | Swamp:1  | Entered Level 1 of the Swamp
 33045 | Swamp:1  | Reached XP level 18. HP: 122/157 MP: 18/28
 33064 | Lair:2   | Lost mutation: You are vulnerable to cold. (rC-) [potion of
                  | mutation]
 33064 | Lair:2   | Lost mutation: Your magical capacity is low. (-10% MP)
                  | [potion of mutation]
 33064 | Lair:2   | Gained mutation: You passively map a small area around you.
                  | [potion of mutation]
 33064 | Lair:2   | Gained mutation: You are robust. (+10% HP) [potion of
                  | mutation]
 33065 | Lair:2   | Lost mutation: You are weak. (Str -2) [potion of mutation]
 33065 | Lair:2   | Lost mutation: You passively map a small area around you.
                  | [potion of mutation]
 33065 | Lair:2   | Lost mutation: You are robust. (+10% HP) [potion of
                  | mutation]
 33065 | Lair:2   | Gained mutation: You are covered in fur. (AC +1) [potion of
                  | mutation]
 33065 | Lair:2   | Gained mutation: A frigid envelope surrounds you and
                  | freezes all who hurt you. [potion of mutation]
 33065 | Lair:2   | Gained mutation: You have an increased reservoir of magic.
                  | (+10% MP) [potion of mutation]
 33065 | Lair:2   | Gained mutation: Your spells are a little harder to cast,
                  | but a little more powerful. [potion of mutation]
 33066 | Lair:2   | Lost mutation: Your spells are a little harder to cast, but
                  | a little more powerful. [potion of mutation]
 33066 | Lair:2   | Lost mutation: You have an increased reservoir of magic.
                  | (+10% MP) [potion of mutation]
 33066 | Lair:2   | Lost mutation: You are covered in fur. (AC +1) [potion of
                  | mutation]
 33066 | Lair:2   | Gained mutation: Your tail ends in a venomous barb. [potion
                  | of mutation]
 33066 | Lair:2   | Gained mutation: Potions are less effective at restoring
                  | your health. [potion of mutation]
 33067 | Lair:2   | Lost mutation: Your body sometimes deteriorates upon taking
                  | damage. [potion of mutation]
 33067 | Lair:2   | Lost mutation: Potions are less effective at restoring your
                  | health. [potion of mutation]
 33067 | Lair:2   | Gained mutation: Your magical capacity is low. (-10% MP)
                  | [potion of mutation]
 33067 | Lair:2   | Gained mutation: You have large cloven feet. [potion of
                  | mutation]
 33067 | Lair:2   | Gained mutation: You are dopey. (Int -2) [potion of
                  | mutation]
 33189 | Swamp:1  | Found a runed translucent door.
 33193 | Swamp:1  | Found a transporter.
 33553 | Swamp:1  | Found a transporter.
 33558 | Swamp:1  | Noticed jasper's ghost (journeyman MDBe)
 33636 | Swamp:1  | Reached skill level 5 in Dodging
 33784 | Swamp:1  | Paralysed by an apocalypse crab for 3 turns
 33889 | Swamp:1  | Reached skill level 14 in Fighting
 33929 | Swamp:1  | Killed jasper's ghost
 33967 | Swamp:1  | Identified the amulet of Goicinki {Reflect rPois Str-3
                  | Int+3 SH+5}
 34000 | Swamp:1  | Learned a level 7 spell: Spellforged Servitor
 34108 | Swamp:2  | Noticed a tentacled monstrosity
 34117 | Swamp:2  | Reached skill level 1 in Summonings
 34117 | Swamp:2  | Killed a tentacled monstrosity
 34184 | Swamp:2  | Identified the +3 short sword of Tender Mercy {drain, MP+9}
 34189 | Swamp:2  | Noticed Donald
 34200 | Swamp:2  | Killed Donald
 34453 | Swamp:2  | Found a glacial archway.
 34459 | IceCv    | Entered an ice cave
 35043 | IceCv    | Identified the ring "Poadeysmia" {rF+ Will+}
 35050 | IceCv    | Identified the staff of Mayhem {rElec rC+ Will+ Stlth+
                  | Conj}
 35063 | IceCv    | Identified the +1 pair of gloves of Hepliaklqana's Esteem
                  | {Fly}
 35992 | Swamp:3  | Reached skill level 15 in Fighting
 36117 | Swamp:3  | Reached skill level 5 in Summonings
 36502 | Swamp:4  | Entered Level 4 of the Swamp
 36522 | Swamp:4  | Reached XP level 19. HP: 119/169 MP: 18/29
 36636 | Swamp:4  | Identified the +6 glaive of the Stopping Sybil {freeze,
                  | *Noise rF+++ rC+++ Int-4}
 36794 | Swamp:4  | Got a decaying rune of Zot
 37307 | Elf:1    | Entered Level 1 of the Elven Halls
 37341 | Elf:1    | Found Kudywer's Weapon Emporium.
 37405 | Elf:1    | Noticed Nikola
 37416 | Elf:1    | Killed Nikola
 37417 | Elf:1    | Reached skill level 1 in Evocations
 37459 | Elf:1    | Noticed Roxanne
 37497 | Elf:1    | Killed Roxanne
 37630 | Elf:1    | Got the Anthology of Injury
 37691 | Elf:1    | Found Gemigem's Assorted Antiques.
 37694 | Elf:1    | Bought a potion of resistance for 310 gold pieces
 37694 | Elf:1    | Bought a scroll of revelation for 232 gold pieces
 37694 | Elf:1    | Bought a potion of heal wounds for 155 gold pieces
 37772 | Elf:1    | Found Pimaroen's Neck Hole.
 37849 | Elf:1    | Noticed Asterion
 37862 | Elf:1    | Killed Asterion
 38027 | Elf:1    | Reached skill level 10 in Summonings
 38431 | Elf:2    | Reached skill level 5 in Evocations
 38439 | Elf:2    | Found a magical portal.
 38497 | Elf:2    | Found a roughly hewn altar of Beogh.
 38553 | Elf:2    | Gained mutation: You occasionally lose the ability to drink
                  | potions when taking damage. [mutagenic glow]
 38576 | Elf:2    | Found a flickering gateway to a bazaar.
 38582 | Elf:2    | Paralysed by an air elemental for 1 turns
 38584 | Bazaar   | Entered a bazaar
 38587 | Bazaar   | Found Gucevef's General Store.
 38598 | Bazaar   | Found Ejuguoz's Book Shop.
 38603 | Bazaar   | Found Gaush's Antique Weapon Shoppe.
 38610 | Bazaar   | Found Heebbeuh's Weapon Shop.
 38663 | Bazaar   | Bought a potion of brilliance for 44 gold pieces
 38663 | Bazaar   | Bought a potion of ambrosia for 88 gold pieces
 38663 | Bazaar   | Bought a scroll of revelation for 82 gold pieces
 38663 | Bazaar   | Bought a scroll of enchant armour for 82 gold pieces
 38682 | Elf:2    | Paralysed by an air elemental for 1 turns
 38757 | Elf:2    | Paralysed by an air elemental for 1 turns
 38770 | WizLab   | Entered Tukima's Studio
 38771 | WizLab   | Lost mutation: Your tail ends in a venomous barb. [potion
                  | of mutation]
 38771 | WizLab   | Lost mutation: A frigid envelope surrounds you and freezes
                  | all who hurt you. [potion of mutation]
 38771 | WizLab   | Lost mutation: You occasionally lose the ability to drink
                  | potions when taking damage. [potion of mutation]
 38771 | WizLab   | Gained mutation: Your flesh is cold resistant. (rC+)
                  | [potion of mutation]
 38771 | WizLab   | Gained mutation: You are frail. (-10% HP) [potion of
                  | mutation]
 38819 | WizLab   | Gained mutation: You are strong-willed. (Will+) [mutagenic
                  | glow]
 38897 | WizLab   | Noticed Gryn's illusion
 38995 | WizLab   | Identified the scarf of Ynocun {shadows, rPois rC+ rN+
                  | Str-4}
 39151 | Elf:2    | Found a runed translucent gate.
 39151 | Elf:2    | Found a runed translucent gate.
 39151 | Elf:2    | Found a runed translucent gate.
 39164 | Elf:2    | Reached XP level 20. HP: 160/160 MP: 30/30
 39272 | Elf:2    | Acquired the +3 pair of seven-league boots {Rampage+∞}
 39272 | Elf:2    | Found the +3 pair of seven-league boots {Rampage+∞}
 39601 | Elf:2    | Noticed Zenata
 39604 | Elf:2    | Noticed Saint Roka
 39700 | Elf:3    | Entered Level 3 of the Elven Halls
 39925 | Elf:3    | Identified the ring "Riottisu" {rC+ Str+5}
 40170 | Elf:3    | Identified the ring of Feon {Fire Fly rCorr Dex-3}
 40247 | Elf:3    | Got Rockull's More Casting
 40255 | Elf:3    | Identified the staff of Experimentation {rElec rPois Int-3
                  | Dex+2 Earth Alchemy}
 40309 | Elf:3    | Identified the granite talisman of Hangman {MP+9 Dex+2}
 40822 | Vaults:1 | Entered Level 1 of the Vaults
 40982 | Vaults:1 | Paralysed by a formless jellyfish for 1 turns
 41341 | Vaults:1 | Reached skill level 15 in Conjurations
 41382 | Vaults:1 | Found Zanuvul's Armour Boutique.
 41408 | Vaults:1 | Reached XP level 21. HP: 76/165 MP: 23/32
 41601 | Vaults:1 | Found Urahoiv's Assorted Antiques.
 41614 | Vaults:1 | Bought a scroll of blinking for 247 gold pieces
 41614 | Vaults:1 | Bought a scroll of enchant armour for 247 gold pieces
 41614 | Vaults:1 | Bought 2 potions of curing for 198 gold pieces
 41614 | Vaults:1 | Bought a scroll of teleportation for 99 gold pieces
 41614 | Vaults:1 | Bought a fuming ruby potion for 29 gold pieces
 41614 | Vaults:1 | Bought a scroll of identify for 66 gold pieces
 41625 | Vaults:1 | Identified the +1 hand cannon of the Establishment
                  | {antimagic, rPois rCorr Int-3 Stlth+}
 41714 | Vaults:1 | Reached skill level 15 in Summonings
 42025 | Vaults:2 | Noticed Bai Suzhen
 42047 | Vaults:2 | Killed Bai Suzhen
 42947 | Vaults:2 | Found a staircase to the Crypt.
 43106 | Vaults:3 | Found Wotriel's Assorted Antiques.
 43408 | Vaults:3 | Found Uppes's Weapon Shop.
 43816 | Vaults:3 | Reached skill level 16 in Fighting
 43843 | Vaults:3 | Identified the +2 rapier "Vuore" {flame, rF+}
 43860 | Vaults:3 | Found Iprimuc's Jewellery Boutique.
 44120 | Vaults:3 | Found a runed translucent gate.
 44120 | Vaults:3 | Found a runed translucent gate.
 44120 | Vaults:3 | Found a runed translucent gate.
 44120 | Vaults:3 | Identified the +4 tower shield of the Gloaming {rN+ Regen+
                  | Str-4}
 44473 | Vaults:3 | Found a glowing golden altar of the Shining One.
 44639 | Vaults:4 | Reached XP level 22. HP: 175/175 MP: 30/34
 44905 | Vaults:4 | Reached skill level 10 in Dodging
 44974 | Vaults:4 | Found Mifuhu Syif's Armour Emporium.
 44979 | Vaults:4 | Upgraded the game from 0.32-a0-473-gd044c6f0f0 to
                  | 0.32-a0-485-g70f7560b1c
 44979 | Vaults:4 | Bought the +2 cloak "Udare" {Dex+4} for 598 gold pieces
 45437 | Vaults:4 | Reached skill level 17 in Fighting
 45473 | Vaults:4 | Found Ifamauh's Antique Weapon Shoppe.
 45606 | Vaults:5 | Entered Level 5 of the Vaults
 45616 | Vaults:5 | Reached skill level 15 in Shields
 45648 | Vaults:5 | Noticed a dread lich
 45657 | Vaults:5 | Reached skill level 18 in Fighting
 45662 | Vaults:5 | Noticed a golden dragon
 45837 | Vaults:4 | Killed a golden dragon
 45897 | Vaults:4 | Killed a dread lich
 45898 | Vaults:4 | Reached skill level 19 in Fighting
 45907 | Vaults:5 | Noticed an ancient lich
 45908 | Vaults:5 | Noticed a golden dragon
 45967 | Vaults:5 | Noticed a dread lich
 46005 | Vaults:5 | Killed an ancient lich
 46006 | Vaults:5 | Killed a golden dragon
 46007 | Vaults:5 | Killed a dread lich
 46066 | Vaults:5 | Noticed Xtahua
 46071 | Vaults:5 | Reached skill level 20 in Fighting
 46124 | Vaults:4 | Reached skill level 1 in Necromancy
 46124 | Vaults:4 | Reached skill level 1 in Earth Magic
 46147 | Vaults:5 | Identified the ring of the King {Will+ rCorr Str-3 Int+3
                  | Slay+3}
 46157 | Vaults:4 | Reached XP level 23. HP: 179/187 MP: 20/35
 46260 | Vaults:5 | Killed Xtahua
 46602 | Vaults:5 | Got the Omnibus of Damage
 46757 | Vaults:5 | Reached skill level 5 in Necromancy
 46757 | Vaults:5 | Reached skill level 5 in Earth Magic
 47047 | Vaults:5 | Identified the +0 robe of Leaves {Int-5 Dex+4}
 47090 | Vaults:5 | Identified the +3 scale mail of Twilight {rN+ Str+3}
 47283 | Vaults:5 | Identified the +5 hand axe of Waoda {vamp, rElec Will+++
                  | rCorr Dex-5}
 47666 | Vaults:5 | Got a silver rune of Zot
 47674 | Vaults:5 | Learned a level 5 spell: Borgnjor's Vile Clutch
 47936 | Depths:1 | Entered Level 1 of the Depths
 49017 | Depths:1 | Found Xoinop's Magic Scroll Emporium.
 49025 | Depths:1 | Bought a scroll of teleportation for 42 gold pieces
 49025 | Depths:1 | Bought a scroll of blinking for 105 gold pieces
 49025 | Depths:1 | Bought a scroll of blinking for 105 gold pieces
 49025 | Depths:1 | Bought a scroll of teleportation for 42 gold pieces
 49091 | Depths:1 | Found a gateway to Hell.
 49334 | Depths:2 | Found a one-way gateway to a ziggurat.
 49599 | Depths:2 | Noticed a juggernaut
 49609 | Depths:2 | Killed a juggernaut
 49649 | Depths:2 | Gained mutation: You occasionally shout uncontrollably at
                  | your foes. [a shining eye]
 49723 | Depths:2 | Reached XP level 24. HP: 162/201 MP: 35/35
 49732 | Depths:2 | Reached skill level 10 in Earth Magic
 49898 | Depths:2 | Found a one-way gate leading to the halls of Pandemonium.
 50776 | Depths:3 | Noticed Parghit
 50793 | Depths:3 | Killed Parghit
 50800 | Depths:3 | Gained mutation: You have hidden genetic defects.
                  | [mutagenic glow]
 51417 | Depths:3 | Noticed a dread lich
 51418 | Depths:3 | Found a runed translucent door.
 51420 | Depths:3 | Identified the ring of Zutwuho {rPois MP+9 Dex+2}
 51627 | Depths:3 | Found Big Baal Hell's Store.
 51725 | Depths:3 | Found a one-way gate to the infinite horrors of the Abyss.
 52018 | Depths:4 | Entered Level 4 of the Depths
 52063 | Depths:4 | Gained mutation: You are clumsy. (Dex -2) [hidden defects]
 52598 | Depths:4 | Found a gate to the Realm of Zot.
 53071 | Depths:4 | Found Gufoutug's One-of-a-Kind Books.
 53132 | Zot:1    | Entered Level 1 of the Realm of Zot
 53144 | Zot:1    | Gained mutation: You occasionally lose the ability to drink
                  | potions when taking damage. [hidden defects]
 53144 | Zot:1    | Lost mutation: You have hidden genetic defects. [hidden
                  | defects expressed]
 53493 | Zot:1    | Reached skill level 15 in Earth Magic
 54106 | Zot:2    | Reached XP level 25. HP: 165/207 MP: 18/35
 54142 | Zot:2    | Found an iron altar of Okawaru.
 55318 | Zot:2    | Learned a level 8 spell: Lehudib's Crystal Spear
 55838 | Zot:3    | Noticed an orb of fire
 55846 | Zot:3    | Gained mutation: Your spells are a little easier to cast,
                  | but a little less powerful. [an orb of fire]
 55850 | Zot:3    | Killed an orb of fire
 56761 | Zot:4    | Noticed an orb of fire
 56818 | Zot:5    | Entered Level 5 of the Realm of Zot
 57266 | Zot:5    | Noticed a Killer Klown
 57285 | Zot:5    | Killed a Killer Klown
 57293 | Zot:5    | Reached XP level 26. HP: 193/217 MP: 4/35
 57337 | Zot:5    | Reached skill level 15 in Dodging
 57374 | Zot:5    | Noticed a dread lich
 57377 | Zot:5    | Paralysed by a Zot trap for 2 turns
 57378 | Zot:5    | Reached skill level 21 in Fighting
 57407 | Zot:5    | Killed a dread lich
 57494 | Zot:5    | Noticed an orb of fire
 57506 | Zot:5    | Killed an orb of fire
 57598 | Zot:5    | Noticed an orb of fire
 57607 | Zot:5    | Killed an orb of fire
 57927 | Zot:5    | Noticed an orb of fire
 57935 | Zot:5    | Killed an orb of fire
 58046 | Zot:5    | Reached skill level 22 in Fighting
 58088 | Zot:5    | Noticed an orb of fire
 58096 | Zot:5    | Killed an orb of fire
 58152 | Zot:5    | Got the Orb of Zot
 58357 | Depths:4 | Noticed Nioplount the pandemonium lord
 58509 | Depths:2 | Noticed Adunea Vatz the pandemonium lord
 58914 | D:$      | Escaped with the Orb!

Illustrated notes

Levels and vault maps discovered:
D:1:      kennysheep_arrival_forest, layout_loops_ring
D:2:      layout_loops_ring, minmay_misc_feat_more_columns, grunt_ministairs_13,
          uniq_terence
D:3:      layout_rooms, serial_shops,
          nicolae_shop_temple_entry_statues_fountains,
          ebering_ghost_disaster_area, fountainhead, dreamdust_wishing_well,
          serial_park_tiny_pond, amethyst_killhole,
          hangedman_abyss_or_decor_lesser_grid, minmay_misc_feat_columns
D:4:      minmay_chambers_of_twos, layout_gridville,
          mainiacjoe_overflow_cross_hatched, kennysheep_mini_moat,
          nicolae_ru_path_of_blood, minmay_snake_closets
D:5:      layout_gridville, serial_shops, shop_statue
D:6:      layout_rooms, elyvilon_altar_3, minmay_temple_entry_tees,
          serial_shops, shop, st_stairs_9, minivault_26
D:7:      layout_loops_ring, okawaru_ov_weapons_minmay, lemuel_round_altar
D:8:      layout_basic, mainiacjoe_overflow_surrounded_room,
          lemuel_doored_altar, uniq_erica, uniq_amaemon, uniq_grum,
          uniq_jeremiah
D:9:      layout_roguey, mainiacjoe_overflow_tiny_flanked,
          kennysheep_vampire_church, hellmonk_lair_entry_icy, nrook_uturn,
          nicolae_shop_i_like_small_books_too, uniq_psyche
D:10:     layout_big_octagon, chequers_temple_overflow_statue_of_worship,
          fedhas_altar_3, mainiacjoe_overflow_brackets, david_orc_2,
          serial_bayou, serial_bayou_lagoon_b, serial_bayou_shore_a,
          serial_bayou_lagoon_a, serial_bayou_lake_a, uniq_sonja, uniq_maurice
D:11:     layout_roguey, minmay_shop_mass
D:12:     layout_irregular_city
D:13:     layout_rooms, enter_trove_1, special_room [special_room_orc]
D:14:     layout_roguey, david_vaults_5, roderic_lattice_a, uniq_jorgrun,
          uniq_josephine
D:15:     gammafunk_depths_entry_grave, layout_irregular_city,
          chequers_serial_rivers_marsh, fungi_pond_lemuel, minivault_16,
          uniq_nessos
Lair:1:   beast_lair_carwin_large_3, layout_regular_city, minivault_24,
          pdpol_lair_cabin_in_the_woods
Lair:2:   layout_layer_cave, swamp_mist_pool, spider_nest_entry_a, minivault_19,
          uniq_fannar
Lair:3:   layout_loops_ring, nicolae_lair_lil_pond, beast_lair_carwin_6
Lair:4:   nzn_winding_woodlands_large [nzn_winding_woodlands_hourglass,
          nzn_winding_woodlands_5x15_sawtooth, nzn_winding_woodlands_5x5_three,
          nzn_winding_woodlands_center_lodge,
          nzn_winding_woodlands_15x15_boxy_spiral,
          nzn_winding_woodlands_center_diamonds,
          nzn_winding_woodlands_5x5_cross, nzn_winding_woodlands_5x15_default,
          nzn_winding_woodlands_5x5_open_star], layout_cave_pods,
          gauntlet_entry_generic, lemuel_fruit_fields
Lair:5:   wormcave, layout_cave_pods, hangedman_lair_in_review, slime_entry_1,
          bobbens_ice_dragon_lair, uniq_rupert, uniq_snorg
Swamp:1:  gammafunk_mikee_crab_dinner, layout_basic_swamp,
          gammafunk_ghost_berserking_beasts, evilmike_swamp_ruin_rubble_2,
          nicolae_swamp_nymph_family_reunion
Swamp:2:  layout_basic_swamp, portal_ice_cave_entry_horrid_things,
          nicolae_swamp_small_spring, swamp_pool_4, nicolae_swamp_big_swirl,
          nicolae_swamp_long_stream, uniq_donald
Swamp:3:  layout_basic_swamp, evilmike_swamp_ruin_house_2
Swamp:4:  swamp_alternative, layout_basic_swamp, swamp_pool_4,
          nicolae_swamp_dense_foliage
Spider:1: layout_spider_delve, uniq_louise
Spider:2: nicolae_spider_hilbert_zone_4 [nicolae_spider_hilbert_4_sides_2_open,
          nicolae_spider_hilbert_4_sides_1_open,
          nicolae_spider_hilbert_4_sides_1_open,
          nicolae_spider_hilbert_4_sides_1_open,
          nicolae_spider_hilbert_4_sides_1_open,
          nicolae_spider_hilbert_2_sides_1_open,
          nicolae_spider_hilbert_2_sides_1_open,
          nicolae_spider_hilbert_2_sides_1_open,
          nicolae_spider_hilbert_2_sides_1_open,
          nicolae_spider_hilbert_6_sides_1_open,
          nicolae_spider_hilbert_6_sides_1_open,
          nicolae_spider_hilbert_3_sides_1_open,
          nicolae_spider_hilbert_3_sides_1_open], uniq_arachne
Spider:3: layout_spider_delve
Spider:4: floodkiller_spider_rune_tomb
Orc:1:    layout_diamond_mine
Orc:2:    st_orc_elflike, layout_caves, basic_altar, serial_shops, shop
Elf:1:    layout_geoelf_grid, serial_shops, nicolae_shop_behind_doors, shop,
          minmay_elf_annihilation, nicolae_shop_sticking_my_neck_out,
          uniq_nikola, uniq_asterion, uniq_roxanne
Elf:2:    elven_hall_of_blades_hangedman_original
          [nicolae_blade_entry_antechamber], layout_gridlike, special_room
          [special_room_orc], serial_shops, bzr_in_the_mist, mu_enter_wizlab_1,
          minivault_11, grunt_ministairs_15, uniq_saint_roka, uniq_zenata
Elf:3:    grunt_elf_hall_diamonds, layout_rooms, special_room
          [special_room_mythical_zoo]
Vaults:1: vaults_room_door_hall, grunt_vaults_funnel,
          nicolae_vaults_border_crossing, nicolae_vaults_heart-shaped_vault,
          v_misc_19, nicolae_vaults_yaktaur_gun_rack,
          nicolae_vaults_taking_the_gang_shopping, layout_vaults_omnigrid,
          serial_shops, nicolae_shop_pleasant_corner_grove
Vaults:2: vaults_dpeg_doors, v_misc_28, ontoclasm_vaults_loading_screen,
          nicolae_vaults_offset_grid_hallway_2, nicolae_vaults_diamond_1,
          nicolae_vaults_specimen_jars, hangedman_vaults_hat,
          nicolae_vaults_offset_grid_hallway_3, minmay_crypt_entry_simple_box,
          layout_vaults_omnicross, uniq_bai_suzhen
Vaults:3: v_pattern_4, abrahamwl_protected_by_tso_3,
          nicolae_vaults_shrinking_rooms_2, nicolae_vaults_network_s,
          nicolae_vaults_ellipses_ellipsis, nicolae_vaults_diamond_1,
          ontoclasm_vaults_pinch, hangedman_vaults_locks,
          nicolae_vaults_closet_pinwheel_2,
          nicolae_vaults_offset_grid_hallway_1, ontoclasm_vaults_ring_square,
          vaults_dpeg_hooks, layout_vaults_maze_bifur, serial_shops,
          nicolae_shop_bloodbath_and_beyond, shop, nicolae_shop_hallway_stairs
Vaults:4: v_misc_2, vaults_dpeg_spiral, nicolae_vaults_turnstiles, v_misc_26,
          v_alt_pattern_1, nicolae_vaults_more_shelving_1,
          nicolae_vaults_storage_room_glass, hangedman_vaults_capsules,
          vaults_room_pool, nicolae_vaults_trapezoid_2, layout_vaults_ring,
          serial_shops, nicolae_diamond_shop, shop
Vaults:5: uniq_xtahua
Depths:1: layout_cave_pools, serial_shops, shop, grunt_mini_vestibule,
          minmay_misc_feat_room, dpeg_stationary_puzzle
Depths:2: grunt_deathspiral_large, layout_gridlike, enter_ziggurat_c,
          pf_coc_iceberg, minmay_misc_feat_iff, rand_demon_pan_entry_9
Depths:3: minmay_gate_of_8, layout_gridlike, minmay_room_of_horrors,
          nicolae_hell_entry_big_baal_hell, serial_bayou_shore_b,
          grunt_megastairs_2, serial_bayou_shore_b, minmay_staircase_bubble,
          uniq_parghit, uniq_josephina
Depths:4: grunt_zot_entry_bicorn, layout_basic, abyss_entry_glasseish,
          minmay_misc_feat_tower, hell_entry, nicolae_rare_books,
          grunt_megastairs_3
Zot:1:    layout_gridville, regret_index_zotdec_twisting_globes
Zot:2:    layout_concentric_octagons, regret_index_zotdec_fiery_em
Zot:3:    layout_onion, st_stairs_10, grunt_megastairs_5
Zot:4:    layout_basic, nrook_zot_tub
Zot:5:    layout_misc_corridors, drop_trap

Skill      XL: |  1  2  3  4  5  6  7  8  9 10 11 12 13 14 15 16 17 18 19 20 21 22 23 24 25 26 |
---------------+-------------------------------------------------------------------------------+-----
Ice Magic      | 5 6 7 9 11 16 | 16.1
Fighting       | 1 3 5 7 10 12 13 15 16 20 22 | 22.3
Dodging        | 2 3 4 7 8 9 10 12 14 16 | 16.6
Shields        | 1 3 4 9 11 12 13 14 15 | 15.0
Conjurations   | 3 7 8 10 12 15 16 18 | 18.0
Alchemy        | 3 7 9 10 | 10.0
Spellcasting   | 4 6 7 9 10 12 | 12.0
Invocations    | 5 8 11 12 | 12.0
Fire Magic     | 5 8 10 11 12 | 12.0
Air Magic      | 1 2 3 |  3.3
Summonings     | 5 12 14 15 | 15.0
Evocations     | 5 |  5.0
Necromancy     | 1 7 |  7.0
Earth Magic    | 1 9 15 18 | 18.0
Stealth        | |  1.7

Action                     |  1- 3 |  4- 6 |  7- 9 | 10-12 | 13-15 | 16-18 | 19-21 | 22-24 | 25-27 || total
---------------------------+-------+-------+-------+-------+-------+-------+-------+-------+-------++-------
  Melee: Unarmed           |     3 |       |       |       |       |       |       |       |       ||     3
         Tailslap          |     9 |    12 |    17 |    55 |   185 |   244 |   227 |   293 |   146 ||  1188
         Dagger            |    32 |    87 |   130 |    12 |       |       |       |       |       ||   261
         Mace              |       |       |       |   277 |   760 |   878 |       |       |       ||  1915
         Demon whip        |       |       |       |    22 |       |       |       |       |       ||    22
         Bite              |       |       |       |       |   103 |   193 |   176 |   234 |   100 ||   806
         Staff             |       |       |       |       |       |    84 |   802 |   957 |   497 ||  2340
  Throw: Dart              |       |       |       |     4 |     1 |       |       |       |       ||     5
   Cast: Freeze            |    40 |    34 |       |     6 |     2 |       |       |       |       ||    82
         Frozen Ramparts   |     1 |    26 |    27 |    59 |   112 |    27 |       |       |       ||   252
         Ozocubu's Armour  |       |     3 |    11 |    42 |    80 |    46 |     6 |     1 |       ||   189
         Irradiate         |       |       |       |    50 |    64 |    97 |    75 |    83 |    37 ||   406
         Starburst         |       |       |       |       |    22 |    75 |     3 |       |       ||   100
         Freezing Cloud    |       |       |       |       |       |   173 |   310 |   278 |   151 ||   912
         Ozocubu's Refrige |       |       |       |       |       |     2 |     8 |    30 |     7 ||    47
         Spellforged Servi |       |       |       |       |       |       |     4 |    28 |    39 ||    71
         Borgnjor's Vile C |       |       |       |       |       |       |       |     6 |     2 ||     8
 Invoke: Upheaval          |       |       |       |       |     2 |       |     7 |     1 |       ||    10
         Disaster Area     |       |       |       |       |       |       |       |     2 |       ||     2
Ability: Breathe Acid      |       |       |     1 |     2 |     1 |       |     1 |       |       ||     5
  Evoke: Wand              |       |       |       |    15 |     6 |    19 |       |       |     2 ||    42
         Tin of tremorston |       |       |       |       |       |     4 |     1 |       |       ||     5
         Box of beasts     |       |       |       |       |       |     1 |       |       |       ||     1
         Phantom mirror    |       |       |       |       |       |       |     1 |       |       ||     1
         Lightning rod     |       |       |       |       |       |       |       |       |     8 ||     8
    Use: Potion            |     1 |       |       |     4 |       |    10 |    10 |     4 |     4 ||    33
         Scroll            |       |     6 |     3 |    11 |    12 |     8 |     6 |     6 |     3 ||    55
   Stab: Distracted        |     1 |       |       |       |       |       |       |     1 |     2 ||     4
         Sleeping          |       |     2 |       |       |       |       |       |       |       ||     2
         Invisible         |       |       |       |       |       |       |     1 |       |       ||     1
 Armour: Skin              |    49 |    53 |   112 |   475 |   897 |  1001 |   725 |   930 |   539 ||  4781
  Dodge: Dodged            |    36 |    81 |   101 |   242 |   492 |   539 |   392 |   837 |   464 ||  3184
         Repelled          |       |       |       |       |     8 |    19 |    21 |    27 |    22 ||    97
  Block: Buckler           |       |     1 |    49 |   257 |   665 |       |       |       |       ||   972
         Kite shield       |       |       |       |       |   122 |  1812 |  1260 |  1755 |   911 ||  5860
         Reflection        |       |       |       |       |    26 |    21 |       |       |       ||    47

Table legend: (Time is in decaauts)
 A = Elapsed time spent in this place.
 B = Non-inter-level travel time spent in this place.
 C = Inter-level travel time spent in this place.
 D = Time resting spent in this place.
 E = Time spent auto-exploring this place.
 F = Levels seen in this place.
 G = Mean time per level.
                   A        B        C        D        E       F      G
               +--------+--------+--------+--------+--------+-----+--------+
         Total |  60789 |  57471 |   3318 |   7217 |  35869 |  52 | 1169.0 |
       Dungeon |  17484 |  16351 |   1133 |   2648 |  10682 |  15 | 1165.6 |
          Lair |  10518 |   9937 |    581 |   1144 |   6840 |   5 | 2103.6 |
         Swamp |   3355 |   3144 |    211 |     87 |   2037 |   4 |  838.8 |
   Spider Nest |   4630 |   4431 |    199 |    460 |   2846 |   4 | 1157.5 |
  Orcish Mines |   1350 |   1172 |    178 |     32 |    794 |   2 |  675.0 |
   Elven Halls |   2965 |   2855 |    110 |    158 |   1586 |   3 |  988.3 |
        Vaults |   7247 |   6893 |    354 |    698 |   4379 |   5 | 1449.4 |
        Depths |   5056 |   4762 |    294 |    594 |   2869 |   4 | 1264.0 |
           Zot |   5422 |   5166 |    256 |    855 |   2602 |   5 | 1084.4 |
         Abyss |    413 |    413 |      0 |     64 |    101 |   1 |  413.0 |
        Bazaar |     95 |     95 |      0 |      0 |     60 |   1 |   95.0 |
      Ice Cave |   1040 |   1040 |      0 |     16 |    624 |   1 | 1040.0 |
        Wizlab |    347 |    347 |      0 |     61 |    104 |   1 |  347.0 |
      Gauntlet |    861 |    861 |      0 |    399 |    343 |   1 |  861.0 |
               +--------+--------+--------+--------+--------+-----+--------+

Top non-repeatable levels by time:
  Lair:2: 2544 daAuts
     D:9: 2485 daAuts
  Lair:4: 2329 daAuts
  Lair:1: 2198 daAuts
  Lair:5: 1770 daAuts
Vaults:4: 1735 daAuts
  Lair:3: 1675 daAuts
   Zot:2: 1610 daAuts
Depths:2: 1606 daAuts
Vaults:3: 1581 daAuts
    D:15: 1524 daAuts
Vaults:5: 1516 daAuts
    D:10: 1512 daAuts
     D:8: 1472 daAuts
   Zot:5: 1456 daAuts
